 Dungeon Crawl Stone Soup version 0.28.0-49-g6dfe1f597d (webtiles) character file.

Game seed: 7901232220870233786

36 Exodus22XD the Covered (level 3, -7/33 HPs)
             Began as a Minotaur Fighter on May 14, 2022.
             Mangled by an ogre
             ... wielding a +0 giant club
              (16 damage)
             ... on level 2 of the Dungeon.
             The game lasted 00:00:47 (1742 turns).

Exodus22XD the Covered (Minotaur Fighter)           Turns: 1742, Time: 00:00:48

Health: -7/33      AC:  7    Str: 22    XL:     3   Next: 19%
Magic:  2/2        EV:  9    Int:  5    God:
Gold:   66         SH:  4    Dex:  9    Spells: 2/2 levels left

rFire   . . .      SeeInvis .   a - +0 war axe
rCold   . . .      Faith    .   c - +0 buckler
rNeg    . . .      Spirit   .   b - +0 scale mail
rPois   .          Reflect  .   (helmet restricted)
rElec   .          Harm     .   (no cloak)
rCorr   .          Rampage  .   (no gloves)
Will    .....                   (no boots)
Stlth   ..........              (no amulet)
HPRegen 0.11/turn               (no ring)
MPRegen 0.08/turn               (no ring)

@: no status effects
A: horns 2, retaliatory headbutt
a: no special abilities


You were on level 2 of the Dungeon.
You visited 1 branch of the dungeon, and saw 2 of its levels.

You collected 66 gold pieces.

Inventory:

Hand Weapons
 a - a +0 war axe (weapon)
Armour
 b - a +0 scale mail (worn)
 c - a +0 buckler (worn)
Jewellery
 e - a ring of flight
Scrolls
 f - a scroll of immolation {unknown}
 g - a scroll of fog {unknown}
 h - a scroll of vulnerability {unknown}
 j - a scroll of holy word {unknown}
Potions
 d - a potion of might
 i - a potion of ambrosia {unknown}


   Skills:
 + Level 4.1 Fighting
 + Level 3.1 Axes
 + Level 4.1 Armour
 + Level 4.0 Shields


You had 2 spell levels left.
You didn't know any spells.
Your spell library was empty.

Dungeon Overview and Level Annotations

Branches:
Dungeon (2/15)

Altars:
Makhleb


Innate Abilities, Weirdness & Mutations

You have a pair of horns on your head.
You reflexively headbutt those who attack you in melee.


Message History

You hit the ball python.
You kill the ball python!
HP restored.
A hobgoblin comes into view.
The hobgoblin shouts!
A hobgoblin is nearby!
A hobgoblin is nearby!
A hobgoblin is nearby!
A hobgoblin is nearby!
You barely miss the hobgoblin. You headbutt the hobgoblin.
You kill the hobgoblin!
You now have 66 gold pieces (gained 11).
There is an open door here.
An endoplasm comes into view.
An endoplasm is nearby!
The endoplasm barely misses you. You furiously retaliate!
You headbutt the endoplasm!
You kill the endoplasm!
Found a stone staircase leading up.
No target in view!
Found 14 sling bullets.
There is an open door here.
Found a burning altar of Makhleb.
j - a scroll labelled WAEXI ULLER An ogre comes into view.
It is wielding a +0 giant club.
The ogre shouts!
An ogre is nearby!
A rat comes into view.
You slash the ogre!
The ogre is heavily wounded.
The ogre hits you with a +0 giant club!!
Ouch! That really hurt!
* * * LOW HITPOINT WARNING * * *
There are monsters nearby!
You are too injured to fight recklessly!
You are too injured to fight recklessly!
You barely miss the ogre. You headbutt the ogre.
The ogre is almost dead.
The ogre hits you with a +0 giant club!
You die...

...# #..# ..# #..# ##..#
#..# .....# #..# ......
#..####.. ####(.....
#........ #..!.._...
##.###### #..O..!...
........#.#####.@...r...
###.#<..#..........###.#
#.########....##.#
#........'....+ .#
##########....# #
#........ #.####### #.#
#.#


You could see an ogre and a rat.

Vanquished Creatures
  7 endoplasms
  A giant cockroach (D:1)
  2 hobgoblins
  7 kobolds
  A quokka (D:1)
  5 ball pythons
  5 bats (D:1)
  3 goblins (D:1)
  A quokka skeleton (D:2)
  A rat (D:1)
33 creatures vanquished.

Vanquished Creatures (others)
  A plant (D:1)
1 creature vanquished.

Grand Total: 34 creatures vanquished

Notes
Turn   | Place    | Note
-------+----------+-------------------------------------------
     0 | D:1      | Exodus22XD the Minotaur Fighter began the quest for the
                  | Orb.
     0 | D:1      | Reached XP level 1. HP: 19/19 MP: 0/0
   342 | D:1      | Reached XP level 2. HP: 8/27 MP: 1/1
  1346 | D:1      | Reached XP level 3. HP: 32/33 MP: 2/2
  1736 | D:2      | Found a burning altar of Makhleb.
  1737 | D:2      | Noticed an ogre
  1742 | D:2      | Mangled by an ogre

Illustrated notes

Levels and vault maps discovered:
D:1:      eino_arrival_druids_welcome, layout_basic, nrook_campfire,
          minmay_heptomino_w4
D:2:      layout_basic, basic_ecumenical_altar, basic_altar

Skill      XL: |  1  2  3 |
---------------+----------+-----
Armour         | 4 |  4.1
Shields        | 4 |  4.0
Fighting       | 4 |  4.1
Axes           | 3 |  3.1

Action                   || total
-------------------------++-------
Melee: War axe           ||    67
       Headbutt          ||     3
Armor: Scale mail        ||    32
Dodge: Dodged            ||    43
Block: Buckler           ||    16
